 Dungeon Crawl Stone Soup version 0.28.0-49-g6dfe1f597d (webtiles) character file.

Game seed: 16466246132825258832

76 Gabide the Grave Robber (level 4, -2/35 HPs)
             Began as a Mummy Necromancer on May 20, 2022.
             Slain by a goblin
             ... wielding a +0 dagger
             ... led by Robin
              (4 damage)
             ... on level 2 of the Dungeon.
             The game lasted 00:03:59 (1749 turns).

Gabide the Grave Robber (Mummy Necromancer)         Turns: 1749, Time: 00:03:59

Health: -2/35      AC:  2    Str: 11    XL:     4   Next: 12%
Magic:  0/8        EV: 12    Int: 16    God:
Gold:   78         SH:  0    Dex: 12    Spells: 4/8 levels left

rFire   x . .      SeeInvis .   b - +2 short sword (elec)
rCold   + . .      Faith    .   (no shield)
rNeg    + + +      Spirit   .   a - +0 robe
rPois   ∞          Reflect  .   (no helmet)
rElec   .          Harm     .   (no cloak)
rCorr   .          Rampage  .   (no gloves)
Will    .....                   (no boots)
Stlth   ++........              (no amulet)
HPRegen 0.11/turn               (no ring)
MPRegen 0.11/turn               (no ring)

@: no status effects
A: cold resistance 1, negative energy resistance 3, torment resistance 2, heat
vulnerability 1, no potions
a: no special abilities


You were on level 2 of the Dungeon.
You visited 1 branch of the dungeon, and saw 2 of its levels.

You collected 78 gold pieces.

Inventory:

Hand Weapons
 b - a +2 short sword of electrocution (weapon)
 c - a +0 mace
Armour
 a - a +0 robe (worn)
Scrolls
 d - a scroll of fog
 e - a scroll of identify


   Skills:
 - Level 3.0 Fighting
 + Level 1.6 Short Blades
 - Level 1.5 Dodging
 - Level 1.5 Stealth
 - Level 2.6 Spellcasting
 - Level 4.0 Necromancy


You had 4 spell levels left.
You knew the following spells:

 Your Spells              Type           Power      Damage    Failure   Level
a - Pain                  Necr           56%        1d6       3%          1
b - Vampiric Draining     Necr           14%        2d7       11%         3

Your spell library contained the following spells:

 Spells                   Type           Power      Damage    Failure   Level
 Animate Skeleton         Necr           28%        N/A       3%          1
 Animate Dead             Necr           7%         N/A       36%         4
 Agony                    Necr           14%        N/A       71%         5


Dungeon Overview and Level Annotations

Branches:
Dungeon (2/15)

Altars:

Shops:
D:1 *

Annotations:
D:2 Robin, Sigmund


Innate Abilities, Weirdness & Mutations

You are immune to poison.
Your flesh is cold resistant. (rC+)
You are immune to negative energy. (rN+++)
You are immune to unholy pain and torment.
You are vulnerable to heat. (rF-)
You do not drink.


Message History

You kill the hobgoblin!
Robin throws the goblin at you! The goblin hits you with a dagger.
You hit the goblin. Lightning courses through the goblin!
You kill the goblin!
Robin throws the goblin at you!
A goblin comes into view. It is wielding a +0 club.
The goblin writhes in agony.
You kill the goblin!
A hobgoblin comes into view.
The goblin writhes in agony.
You kill the goblin!
You barely miss the goblin. The goblin misses you.
You miss the goblin. The goblin hits you with a +0 dagger.
Robin throws the goblin at you! The goblin hits you with a +0 club.
You hit the goblin.
The goblin is heavily wounded.
The goblin hits you with a +0 dagger.
* * * LOW HITPOINT WARNING * * *
The goblin closely misses you.
You completely miss the goblin.
The goblin is heavily wounded.
The goblin hits you with a +0 dagger.
* * * LOW HITPOINT WARNING * * *
The goblin hits you but does no damage.
Aiming: Pain (safe; 3% risk of failure)
Press: ? - help, Q - select action Shift-Dir - straight line, f - goblin
Aim: a goblin, wielding a +0 club (heavily wounded, strong, chance to affect: 84%)
The goblin writhes in agony.
You kill the goblin!
The goblin hits you but does no damage. The goblin hits you with a +0 dagger.
* * * LOW HITPOINT WARNING * * *
Things that are here:
a +0 club; 14 gold pieces; a goblin corpse
As you read the scroll labelled MAXUPUHUKO, it crumbles to dust.
It is a scroll of identify.
d - a scroll of fog The goblin no longer looks unusually strong.
Robin throws the goblin at you! The goblin hits you with a +0 dagger.
You die...

##.#.#####.#
#.#........
#.###......#
#.######.##
##.#.#######
#†# #.#
##.## #.#
#.# #.# #.#
#.# #.# #.#
#.#
#.#######
#.# #.#
#..†..g.#
#># #.##
#######@#
#.######.##
#.#
#..........
#g#
########.##
#g# #.## #)#
#.## #)#
#.## #†#
#.## #..
#.## ... #
#.##


You could see Robin, a hobgoblin (strong) and a goblin.

Vanquished Creatures
  Jessica (D:2)
  A worm (D:2)
  A dart slug (D:2)
  3 endoplasms (D:1)
  2 giant cockroaches (D:1)
  2 hobgoblins (D:2)
  3 jackals (D:2)
  5 kobolds (D:1)
  3 ball pythons
  4 bats
  4 frilled lizards
  10 goblins
  4 rats
43 creatures vanquished.

Notes
Turn   | Place    | Note
-------+----------+-------------------------------------------
     0 | D:1      | Gabide the Mummy Necromancer began the quest for the Orb.
     0 | D:1      | Reached XP level 1. HP: 13/13 MP: 4/4
   106 | D:1      | Reached skill level 1 in Fighting
   253 | D:1      | Found Qion's Assorted Antiques.
   261 | D:1      | Reached XP level 2. HP: 22/22 MP: 1/5
   559 | D:1      | Found a faded altar of an unknown god.
  1193 | D:2      | Reached XP level 3. HP: 28/28 MP: 1/7
  1197 | D:2      | Learned a level 3 spell: Vampiric Draining
  1568 | D:2      | Noticed Sigmund
  1728 | D:2      | Noticed Jessica
  1730 | D:2      | Killed Jessica
  1731 | D:2      | Reached skill level 1 in Short Blades
  1732 | D:2      | Reached XP level 4. HP: 35/35 MP: 4/8
  1734 | D:2      | Noticed Robin
  1749 | D:2      | Slain by a goblin

Illustrated notes

Levels and vault maps discovered:
D:1:      tarquinn_simple_flora_water_f, layout_basic,
          dreamdust_ecumenical_altar_grove, serial_shops, nicolae_square_shop,
          amcnicky_mini_pool_small, minmay_shallow_snake_nest
D:2:      layout_loops_ring, uniq_robin, uniq_jessica, uniq_sigmund

Skill      XL: |  1  2  3 |
---------------+----------+-----
Fighting       | 1 2 3 |  3.0
Short Blades   | 1 |  1.6
Dodging        | |  1.5
Stealth        | |  1.5
Spellcasting   | |  2.6
Necromancy     | |  4.0

Action                   |  1- 3 |  4- 6 || total
-------------------------+-------+-------++-------
Melee: Mace              |     7 |       ||     7
       Short sword       |     6 |     5 ||    11
 Cast: Pain              |    60 |     6 ||    66
  Use: Scroll            |       |     1 ||     1
Armor: Robe              |     7 |     2 ||     9
Dodge: Dodged            |    14 |     2 ||    16
